 Dungeon Crawl Stone Soup version 0.17-a0-1887-g3e50df6 (webtiles) character file.

162 barthelm the Cutter (level 5, 0/34 HPs)
             Began as a Kobold Berserker on Sept 23, 2015.
             Was a Believer of Trog.
             Slain by a white imp (2 damage)
             ... summoned by Natasha
             ... on level 3 of the Dungeon.
             The game lasted 00:08:42 (1850 turns).

barthelm the Cutter (Kobold Berserker)              Turns: 1850, Time: 00:08:42

Health: 0/34       AC:  3    Str: 17    XL:     5   Next: 71%
Magic:  5/5        EV: 15    Int:  5    God:    Trog [**....]
Gold:   126        SH:  0    Dex: 15    Spells: 0 memorised, 4 levels left

rFire  . . .     SeeInvis .     a - +0 short sword
rCold  . . .     Clarity  .     b - +0 animal skin
rNeg   . . .     SustAt   .     (shield restricted)
rPois  .         Gourm    .     (no helmet)
rElec  .         Spirit   .     d - +0 cloak
rCorr  .         Warding  .     (no gloves)
rMut   .         Stasis   .     (no boots)
MR     .....                    (no amulet)
Stlth  ++........               (no ring)
                                (no ring)

@: exhausted, slowed, very slow, not resistant to hostile enchantments,
unstealthy
A: carnivore 3
a: Burn Spellbooks, Berserk, Trog's Hand, Renounce Religion


You were on level 3 of the Dungeon.
You worshipped Trog.
Trog was pleased with you.
You were not hungry.

You visited 1 branch of the dungeon, and saw 3 of its levels.

You collected 126 gold pieces.

Inventory:

Hand weapons
 a - a +0 short sword (weapon)
Armour
 b - a +0 animal skin (worn)
 d - a +0 cloak (worn)
Scrolls
 e - a scroll of random uselessness {unknown}
 h - 3 scrolls of remove curse
 i - 3 scrolls of teleportation
 j - a scroll of recharging {unknown}
 l - a scroll of enchant armour {unknown}
 p - a scroll of enchant weapon {unknown}
 q - a scroll of identify {unknown}
 r - a scroll of noise {unknown}
Potions
 k - 2 potions of curing {unknown}
 m - a potion of resistance {unknown}
 n - a potion of lignification {unknown}
 o - a potion of cure mutation {unknown}
 s - a potion of berserk rage {unknown}
Comestibles
 c - a meat ration
 f - a beef jerky
 g - a slice of pizza


   Skills:
 + Level 4.8 Fighting
 + Level 5.7 Short Blades
 - Level 1.5 Armour
 - Level 2.5 Dodging
 + Level 3.0 Stealth


You had 4 spell levels left.
You didn't know any spells.

Dungeon Overview and Level Annotations

Branches:
Dungeon (3/15)

Altars:
Dithmenos

Annotations:
D:3 Natasha


Innate Abilities, Weirdness & Mutations

You are small and have problems with some larger weapons.
You are carnivorous and can eat meat at any time.


Message History

The puff of frost hits you!
* * * LOW HITPOINT WARNING * * *
Natasha misses you.
You are too injured to fight recklessly!
You are too injured to fight recklessly!
You are too injured to fight recklessly!
You are too injured to fight recklessly!
You are too injured to fight recklessly!
You are too injured to fight recklessly!
You are too injured to fight recklessly!
You are too injured to fight recklessly!
You are too injured to fight recklessly!
You are too injured to fight recklessly!
You are too injured to fight recklessly!
You hit Natasha.
Natasha is heavily wounded.
The white imp hits you.
* * * LOW HITPOINT WARNING * * *
The white imp freezes you.
You die...

# .........# ###########
.............# #..........
#.....#.#.#...# #..........
..............# #......[...
#.....#.#.#...# #....<.....
..............# #..........
#.....#.#.#h5.# #......†...
............@.# #..........
..............# #..........
########.......### #..........
####.......####...$.# #..........
......####.#....#.#.###..........
......####.#.........##..........
...........#....#.#..##...# #####
......######.........##...#####..
.............>........'.>.......#


You could see Natasha and a white imp.

Vanquished Creatures
  Jessica (D:2)
  Terence (D:2)
  Robin (D:2)
  A gnoll (D:1)
  3 adders
  2 orcs (D:3)
  7 bats
  3 giant cockroaches
  7 hobgoblins
  2 jackals (D:1)
  8 kobolds
  2 quokkas (D:3)
  13 goblins
  12 rats
63 creatures vanquished.

Notes
Turn   | Place    | Note
--------------------------------------------------------------
     0 | D:1      | barthelm the Kobold Berserker began the quest for the Orb.
     0 | D:1      | Reached XP level 1. HP: 14/14 MP: 1/1
   136 | D:1      | Reached XP level 2. HP: 9/19 MP: 2/2
   392 | D:1      | Reached XP level 3. HP: 14/24 MP: 3/3
   922 | D:1      | Acquired Trog's second power
  1015 | D:2      | Noticed Robin
  1028 | D:2      | Reached skill level 1 in Stealth
  1031 | D:2      | Killed Robin
  1031 | D:2      | Reached skill level 5 in Short Blades
  1031 | D:2      | Reached XP level 4. HP: 30/30 MP: 4/4
  1087 | D:2      | Noticed Terence
  1093 | D:2      | Killed Terence
  1143 | D:2      | Noticed Jessica
  1163 | D:2      | Killed Jessica
  1163 | D:2      | Reached XP level 5. HP: 34/34 MP: 5/5
  1683 | D:3      | Found a shadowy altar of Dithmenos.
  1793 | D:3      | Noticed Natasha
  1850 | D:3      | Slain by a white imp

Vault maps used:
D:1:      minmay_arrival_solitary_statue
D:2:      first_bread, uniq_terence, uniq_robin, uniq_jessica
D:3:      nicolae_dithmenos_through_a_glass_darkly, serial_glass,
          glass_columns_b, glass_columns_a, glass_columns_c, glass_columns_a,
          glass_columns_c, glass_columns_b, glass_columns_b, glass_columns_a,
          glass_columns_a, glass_columns_a, uniq_natasha

Action                   |  1- 3 |  4- 6 || total
-------------------------+-------+-------++-------
Melee: Short sword       |   107 |   120 ||   227
Invok: Berserk           |     2 |     2 ||     4
       Trog's Hand       |     1 |     1 ||     2
  Use: Scroll            |       |     2 ||     2
 Stab: Sleeping          |     2 |     6 ||     8
       Distracted        |     1 |       ||     1
  Eat: Chunk             |     7 |     4 ||    11
